 Dungeon Crawl Stone Soup version 0.28.0 (webtiles) character file.

Game seed: 2961288843502512376

433 DerDa the Magician (level 6, 0/41 HPs)
             Began as a Demonspawn Hedge Wizard on Feb 6, 2022.
             Was an Initiate of Sif Muna.
             Killed from afar by an orc wizard (8 damage)
             ... with a magic dart
             ... on level 5 of the Dungeon.
             The game lasted 00:13:49 (5509 turns).

DerDa the Magician (Demonspawn Hedge Wizard)        Turns: 5509, Time: 00:13:52

Health: 0/41       AC:  2    Str: 10    XL:     6   Next: 67%
Magic:  2/13       EV: 12    Int: 18    God:    Sif Muna [......]
Gold:   64         SH:  0    Dex: 12    Spells: 6/14 levels left

rFire   . . .      SeeInvis .   j - +0 falchion
rCold   . . .      Faith    .   (no shield)
rNeg    . . .      Spirit   .   b - +0 robe
rPois   .          Reflect  .   c - +0 hat
rElec   .          Harm     .   (no cloak)
rCorr   .          Rampage  .   (no gloves)
Will    .....                   (no boots)
Stlth   ++........              (no amulet)
HPRegen 0.13/turn               (no ring)
MPRegen 0.13/turn               (no ring)

@: lethally poisoned (0 -> -16)
A: demonic guardian 2
a: Renounce Religion


You were on level 5 of the Dungeon.
You worshipped Sif Muna.
Sif Muna was noncommittal.
You visited 1 branch of the dungeon, and saw 5 of its levels.

You collected 264 gold pieces.
You spent 200 gold pieces at shops.

Inventory:

Hand Weapons
 j - a +0 falchion (weapon)
Armour
 b - a +0 robe (worn)
 c - a +0 hat (worn)
Jewellery
 p - a ring of fire
Scrolls
 a - 2 scrolls of noise {unknown}
 d - 4 scrolls of identify {unknown}
 f - a scroll of magic mapping {unknown}
 h - 3 scrolls of teleportation {unknown}
 n - a scroll of fog {unknown}
 o - a scroll of amnesia {unknown}
Potions
 i - a potion of mutation {unknown}
 k - 2 potions of might {unknown}
 l - a potion of degeneration {unknown}
 m - a potion of cancellation {unknown}


   Skills:
 - Level 0.1 Fighting
 - Level 0.5(0.6) Short Blades
 - Level 0.1(0.3) Long Blades
 + Level 3.0 Dodging
 - Level 2.0 Stealth
 * Level 4.7 Spellcasting
 * Level 3.6 Conjurations
 - Level 1.0 Summonings
 - Level 0.8 Translocations
 + Level 1.3 Air Magic
 + Level 1.6 Poison Magic


You had 6 spell levels left.
You knew the following spells:

 Your Spells              Type           Power      Damage    Failure   Level
a - Magic Dart            Conj           68%        1d6       3%          1
b - Mephitic Cloud        Conj/Pois/Air  12%        N/A       17%         3
c - Call Imp              Summ           8%         N/A       13%         2
d - Blink                 Tloc           14%        N/A       14%         2

Your spell library contained the following spells:

 Spells                   Type           Power      Damage    Failure   Level
 Slow                     Hex            16%        N/A       14%         1
 Conjure Flame            Conj/Fire      10%        6-21      19%         3
 Dazzling Flash           Conj/Hex       20%        N/A       19%         3
 Silence                  Hex/Air        3%         N/A       96%         5
 Agony                    Necr           4%         N/A       98%         5


Dungeon Overview and Level Annotations

Branches:
Dungeon (5/15)
 Temple: D:4-7

Altars:
Nemelex Xobeh
Qazlal
Sif Muna

Shops:
D:4 *

Annotations:
D:4 Eustachio


Innate Abilities, Weirdness & Mutations

A demonic guardian rushes to your aid.


Message History

You fly up into the air.
The water moccasin bites you but does no damage.
Things that are here:
a +0 whip; a +0 leather armour It was a potion of curing.
You feel better. The water moccasin misses you.
The water moccasin closely misses you.
Something hits the water moccasin.
You see here a +0 trident.
The water moccasin closely misses you.
Casting: Magic Dart (safe; 3% risk of failure)
Confirm with . or Enter, or press ? or * to list all spells.
A beastly little devil appears in a puff of flame.
The water moccasin closely misses you.
Unknown command.
The water moccasin misses you.
Casting: Call Imp (safe; 13% risk of failure)
Confirm with . or Enter, or press ? or * to list all spells.
You don't have enough magic to cast this spell.
The water moccasin closely misses you.
Your crimson imp blinks!
The water moccasin closely misses you.
The water moccasin bites you but does no damage.
You are starting to lose your buoyancy.
The water moccasin barely misses you.
You see here a necrophage corpse.
The water moccasin closely misses you.
You float gracefully downwards.
A puff of flame appears from out of thin air!
The puff of flame hits you!
* * * LOW HITPOINT WARNING * * *
A demonic guardian appears!
The water moccasin bites you.
* * * LOW HITPOINT WARNING * * *
You are lethally poisoned!
The water moccasin poisons you!
You feel better. The water moccasin bites you.
* * * LOW HITPOINT WARNING * * *
You are lethally poisoned!
The water moccasin poisons you!
A magic dart appears from out of thin air!
The magic dart hits you!
You die...

#. ###.### . #.
#....{# ..
#.###.....##...
#..)).._.......
#..##)..?.###..
#5.##.....#
#..####.### .
#..####.# ..
#.....@.#####...
#5#####S4.......
#.######........
####.#...†.........
#.......##.........
#.......<#.........
#........#+#.######
####.#.#... .#
#.#.#.....#


You could see a water moccasin (ally target), a friendly ice devil (summoned)
and a friendly crimson imp (summoned).

Vanquished Creatures
  An ogre (D:3)
  A necrophage (D:5)
  A howler monkey (D:4)
  A centaur skeleton (D:4)
  3 adders
  An adder skeleton (D:2)
  A worm (D:2)
  3 dart slugs
  2 orcs
  4 bats
  6 endoplasms
  6 goblins
  7 hobgoblins
  2 quokkas (D:1)
  4 ball pythons
  2 frilled lizards
  4 kobolds
  4 rats
53 creatures vanquished.

Vanquished Creatures (collateral kills)
  An orc priest (D:5)
  An iguana (D:4)
  3 gnolls (D:3)
  A howler monkey skeleton (D:5)
  An orc (D:5)
7 creatures vanquished.

Grand Total: 60 creatures vanquished

Notes
Turn   | Place    | Note
-------+----------+-------------------------------------------
     0 | D:1      | DerDa the Demonspawn Hedge Wizard began the quest for the
                  | Orb.
     0 | D:1      | Reached XP level 1. HP: 13/13 MP: 4/4
   305 | D:1      | Gained mutation: A weak demonic guardian rushes to your
                  | aid. [demonic ancestry]
   305 | D:1      | Reached XP level 2. HP: 19/19 MP: 1/6
  1048 | D:1      | Found a faded altar of an unknown god.
  1373 | D:2      | Reached XP level 3. HP: 24/24 MP: 5/7
  1840 | D:2      | Found a stormy altar of Qazlal.
  2950 | D:3      | Reached XP level 4. HP: 28/30 MP: 2/9
  3276 | D:3      | Found a sparkling altar of Nemelex Xobeh.
  3412 | D:3      | Noticed an ogre
  3418 | D:3      | Learned a level 3 spell: Mephitic Cloud
  3421 | D:3      | Learned a level 2 spell: Call Imp
  3424 | D:3      | Learned a level 2 spell: Blink
  3538 | D:3      | Killed an ogre
  3539 | D:3      | Reached skill level 4 in Spellcasting
  3539 | D:3      | Gained mutation: A demonic guardian rushes to your aid.
                  | [demonic ancestry]
  3539 | D:3      | Reached XP level 5. HP: 35/35 MP: 0/11
  4123 | D:4      | Reached skill level 1 in Poison Magic
  4524 | D:4      | Found Bennir's Assorted Antiques.
  4540 | D:4      | Reached skill level 1 in Air Magic
  4549 | D:4      | Reached XP level 6. HP: 17/41 MP: 0/12
  4558 | D:4      | Bought a scroll labelled LYDIVO EQ MAC for 29 gold pieces
  4558 | D:4      | Bought a scroll labelled LIXKEMPOMASH for 29 gold pieces
  4558 | D:4      | Bought a scroll labelled ITUONT SEZXAEDIN for 29 gold
                  | pieces
  4558 | D:4      | Bought a scroll labelled LYDIVO EQ MAC for 29 gold pieces
  4558 | D:4      | Bought a scroll labelled HONOSKINIL for 29 gold pieces
  4558 | D:4      | Bought a murky white potion for 26 gold pieces
  4582 | D:4      | Bought a scroll labelled XAIHYRISERCH for 29 gold pieces
  4767 | D:4      | Noticed Eustachio
  5278 | D:5      | Entered Level 5 of the Dungeon
  5299 | D:5      | Found a shimmering blue altar of Sif Muna.
  5477 | D:5      | Became a worshipper of Sif Muna the Loreminder
  5477 | D:5      | Noticed a water moccasin
  5508 | D:5      | HP: 1/41 [water moccasin (4)]
  5509 | D:5      | Killed from afar by an orc wizard

Illustrated notes

Levels and vault maps discovered:
D:1:      matt_arrival_diagonals, layout_basic,
          shapermc_ecumenical_altar_notcrosses, minmay_tetromino_s4
D:2:      layout_basic, basic_altar
D:3:      layout_loops_ring, mainiacjoe_overflow_small_starburst,
          nicolae_elevator_lobby_plus
D:4:      layout_loops_ring, serial_shops, shop, uniq_eustachio
D:5:      layout_basic, nicolae_overflow_crystal_walls, corexii_corridor_pit,
          uniq_pikel

Skill      XL: |  1  2  3  4  5  6 |
---------------+-------------------+-----
Dodging        | 2 3 |  3.0
Stealth        | 2 |  2.0
Conjurations   | 2 3 |  3.6
Spellcasting   | 4 |  4.7
Poison Magic   | 1 |  1.6
Air Magic      | 1 |  1.3
Fighting       | |  0.1
Short Blades   | |  0.5
Long Blades    | |  0.1
Summonings     | |  1.0
Translocations | |  0.8

Action                   |  1- 3 |  4- 6 || total
-------------------------+-------+-------++-------
Melee: Dagger            |     4 |       ||     4
       Falchion          |     6 |     8 ||    14
 Cast: Magic Dart        |   115 |    92 ||   207
       Call Imp          |       |    15 ||    15
       Mephitic Cloud    |       |     1 ||     1
  Use: Potion            |       |     3 ||     3
Armor: Robe              |       |    10 ||    10
Dodge: Dodged            |    17 |    29 ||    46
